Construct Section Command Post
Selects Australian Defense Battlegroup
Construct Platoon Command Post
6-pounder Anti-tank Gun Team
Selects Australian Light Infantry Section
6-pounder Anti-tank Gun Team
Unlock Bishop Self-propelled Artillery
Selects Defensive Tactics
Construct Company Command Post
Selects CMP 15cwt Supply Run
Selects Reinforced Resource Caches
Selects Archer Tank Destroyer
Australian Light Infantry Section
Australian Light Infantry Section